 Dungeon Crawl Stone Soup version 0.22-a0-252-gcace5d2 (webtiles) character file.

136 Firecrotchwizard the Ruffian (level 5, -4/28 HPs)
             Began as a Vine Stalker Fighter on Mar 1, 2018.
             Slain by a river rat (6 damage)
             ... on level 3 of the Dungeon.
             The game lasted 00:03:46 (2101 turns).

Firecrotchwizard the Ruffian (Vine Stalker Fighter) Turns: 2101, Time: 00:03:47

Health: -4/28      AC:  6    Str: 18    XL:     5   Next: 19%
Magic:  0/6        EV:  7    Int:  8    God:
Gold:   103        SH:  9    Dex: 15    Spells: 4/4 levels left

rFire    + . .     SeeInvis .     - Unarmed
rCold    x . .     Gourm    .   b - +0 shield
rNeg     . . .     Faith    .   a - +0 scale mail
rPois    .         Spirit   +   (no helmet)
rElec    .         Reflect  .   (no cloak)
rCorr    .         Harm     .   (no gloves)
MR       .....                  (no boots)
Stlth    ..........             (no amulet)
HPRegen  0.49/turn              o - ring of fire {rF+, rC-}
MPRegen  0.10/turn              (no ring)

@: no status effects
A: fangs 2, regeneration 1, magic shield, antimagic bite, no potion heal 3, rot
immunity
a: no special abilities


You were on level 3 of the Dungeon.
You were not hungry.

You visited 1 branch of the dungeon, and saw 3 of its levels.

You collected 103 gold pieces.

Inventory:

Armour
 a - a +0 scale mail (worn)
 b - a +0 shield (worn)
 l - a +0 chain mail of fire resistance
   (You took it off Terence on level 2 of the Dungeon)
Jewellery
 o - a ring of fire (left hand) {rF+, rC-}
   (You found it on level 3 of the Dungeon)
Scrolls
 c - 2 scrolls of identify {unknown}
 i - a scroll of amnesia {unknown}
 j - a scroll of remove curse {unknown}
 k - a scroll of immolation {unknown}
 q - a scroll of noise {unknown}
Potions
 e - 2 potions of magic {unknown}
 f - 2 potions of lignification {unknown}
 g - 2 potions of curing {unknown}
 h - a potion of berserk rage {unknown}
 m - a potion of brilliance {unknown}
 n - a potion of heal wounds {unknown}
Comestibles
 d - 2 rations {@e1}
 p - 4 chunks of flesh {@w0}


   Skills:
 + Level 3.4 Fighting
 - Level 2.4 Armour
 + Level 3.4 Shields
 * Level 3.9 Unarmed Combat


You had 4 spell levels left.
You didn't know any spells.

Dungeon Overview and Level Annotations

Branches:
Dungeon (3/15)

Altars:

Portals:
Sewer: D:3


Innate Abilities, Weirdness & Mutations

You have extremely sharp teeth.
Your natural rate of healing is unusually fast.
When hurt, damage is shared between your health and your magic reserves.
Your bite disrupts and absorbs the magic of your enemies.
Potions cannot restore your health.
You are immune to rotting.


Message History

No target in view!
Things that are here:
a club; 5 stones; a kobold corpse You butcher the rat corpse.
p - a chunk of flesh {@w0} You butcher the hobgoblin corpse.
p - 2 chunks of flesh {@w0} (gained 1)
Things that are here:
a club; a rat skeleton; a hobgoblin skeleton
Things that are here:
a club; a rat skeleton; a hobgoblin skeleton
Things that are here:
a dagger; a kobold corpse You butcher the adder corpse.
p - 4 chunks of flesh {@w0} (gained 2)
You hear the slow rusting of a distant drain.
q - a scroll labeled HAKLUANORA A quokka comes into view.
The quokka barely misses you.
You closely miss the quokka. Your bite misses the quokka. The quokka bites you.
You take 2 damage, and have 26/28 hp.
You closely miss the quokka. Your bite misses the quokka.
The quokka barely misses you.
You closely miss the quokka. Your bite misses the quokka.
The quokka bites you but does no damage. x2
You closely miss the quokka. Your bite misses the quokka.
You block the quokka's attack.
You hit the quokka but do no damage. You bite the quokka. You drain its power.
The quokka bites you but does no damage.
Health restored: 28 You barely miss the quokka.
You bite the quokka, but do no damage. You block the quokka's attack.
You punch the quokka!
You kill the quokka!
No target in view!
You now have 92 gold pieces (gained 15).
You now have 103 gold pieces (gained 11).
A river rat comes into view.
Found a stone staircase leading down.
A river rat is nearby!
A river rat comes into view.
A ball python comes into view.
The ball python hisses angrily.
The river rat bites you but does no damage.
Found a glowing drain.
You closely miss the river rat. You hit the river rat.
You bite the river rat, but do no damage.
The river rat bites you.
You take 2 damage, and have 26/28 hp.
You now have 5/6 mp.
You hit the river rat. Your bite misses the river rat.
You block the river rat's attack. The river rat barely misses you.
You hit the river rat. You block the river rat's attack.
The river rat bites you.
You take 2 damage, and have 25/28 hp.
You hit the river rat but do no damage.
You bite the river rat, but do no damage.
You block the ball python's attack. The ball python grabs you.
The ball python constricts you.
The river rat bites you but does no damage. x2
The ball python bites you but does no damage.
The ball python constricts you.
MP restored: 6 The ball python's grasp on you weakens, but your attempt to escape fails.
The river rat bites you.
The river rat bites you but does no damage.
You block the ball python's attack. The ball python constricts you.
You take 5 damage, and have 21/28 hp.
You now have 5/6 mp.
Unknown command.
You closely miss the ball python.
You kill the ball python!
The river rat closely misses you. You block the river rat's attack.
You hit the river rat but do no damage.
You bite the river rat, but do no damage.
The river rat bites you. x2
You take 2 damage, and have 20/28 hp.
You now have 4/6 mp.
You hit the river rat but do no damage.
You hear the rusting of a drain nearby.
The river rat bites you. x2
You take 4 damage, and have 16/28 hp.
You now have 3/6 mp.
You are too injured to fight recklessly!
You are too injured to fight recklessly!
You hit the river rat but do no damage. The river rat barely misses you.
You block the river rat's attack.
You hit the river rat. Your bite misses the river rat. The river rat bites you!
The river rat bites you.
* * * LOW HITPOINT WARNING * * *
You take 11 damage, and have 5/28 hp.
MASSIVE DAMAGE!!
You now have 1/6 mp.
Your shield and scale mail prevent you from hitting the river rat.
Your bite misses the river rat. The river rat bites you.
* * * LOW HITPOINT WARNING * * *
You block the river rat's attack.
You take 4 damage, and have 1/28 hp.
You now have 0/6 mp.
You hit the river rat.
You kill the river rat!
The river rat bites you.
You die...

............≈≈...
##..#...........≈
###..#.........≈≈ .
........###≈≈≈≈≈≈ .#
####.#...###≈≈≈≈#####..#
# #.#.#...######......#
# #...#.#..#.# .≈...
###......#.###..#
###..........@..##≈≈
#.............r.≈≈...
#........###..###..≈≈...
########## #..# ..≈≈..∩
#..# ..≈≈... #..#
..≈≈≈.≈ #..# ..##≈≈.
>#..# ..# ≈≈.


You could see a river rat.

Vanquished Creatures
  Terence (D:2)
  4 adders
  A river rat (D:3)
  An ooze (D:1)
  3 worms (D:2)
  A dart slug (D:1)
  3 giant cockroaches
  4 goblins
  10 hobgoblins
  2 quokkas
  A ball python (D:3)
  4 bats (D:1)
  4 frilled lizards
  8 kobolds
  6 rats
53 creatures vanquished.

Notes
Turn   | Place    | Note
-------+----------+-------------------------------------------
     0 | D:1      | Firecrotchwizard the Vine Stalker Fighter began the quest for the Orb.
     0 | D:1      | Reached XP level 1. HP: 11/11 MP: 2/2
   327 | D:1      | Reached XP level 2. HP: 16/16 MP: 3/3
   652 | D:1      | Reached skill level 3 in Shields
   705 | D:1      | Reached XP level 3. HP: 19/19 MP: 4/4
   811 | D:1      | Reached skill level 3 in Fighting
  1018 | D:2      | Reached skill level 3 in Unarmed Combat
  1320 | D:2      | Gained mutation: Your natural rate of healing is unusually fast. [Vine Stalker growth]
  1320 | D:2      | Reached XP level 4. HP: 7/24 MP: 3/5
  1654 | D:2      | Noticed Terence
  1694 | D:2      | Killed Terence
  1901 | D:2      | Noticed a phantom
  1993 | D:3      | Reached XP level 5. HP: 24/28 MP: 6/6
  2088 | D:3      | Found a glowing drain.
  2099 | D:3      | HP: 5/28 [river rat (5)]
  2100 | D:3      | HP: 1/28 [river rat (4)]
  2101 | D:3      | Slain by a river rat

Vault maps used:
D:1:      roderic_crossed_star, chequers_big_river
D:2:      uniq_terence
D:3:      cheibrodos_helix_gallery, nicolae_overflow_hidden_temple,
          cheibrodos_sewer_entry_sluice, nicolae_qazlal_eye_of_the_storm

Skill      XL: |  1  2  3 |
---------------+----------+-----
Shields        | 3 |  3.4
Fighting       | 3 |  3.4
Unarmed Combat | 3 |  3.9
Armour         | |  2.4

Action                   |  1- 3 |  4- 6 || total
-------------------------+-------+-------++-------
Melee: Unarmed           |   125 |   129 ||   254
       Bite              |    40 |    40 ||    80
  Use: Potion            |     1 |       ||     1
  Eat: Chunk             |     1 |     3 ||     4
Armor: Scale mail        |    35 |    33 ||    68
Dodge: Dodged            |    20 |    23 ||    43
Block: Shield            |    55 |    55 ||   110

Table legend:
 A = Spawn XP
 B = Non-spawn XP
 C = Spawn XP percentage of total XP
 D = Spawn monster count
 E = Non-spawn monster count
 F = Spawn count percentage of total count
 G = Total turns spent on level
                    A         B        C        D         E        F      G
               +---------+---------+-------+---------+---------+-------+---------
         Total |       0 |     195 |   0.0 |       0 |      53 |   0.0 |  2101
               +---------+---------+-------+---------+---------+-------+---------
           D:1 |       0 |      36 |   0.0 |       0 |      19 |   0.0 |   943
           D:2 |       0 |     119 |   0.0 |       0 |      23 |   0.0 |  1002
           D:3 |       0 |      40 |   0.0 |       0 |      11 |   0.0 |   156
               +---------+---------+-------+---------+---------+-------+---------

Vault maps used:
D:1:      roderic_crossed_star, chequers_big_river
D:2:      uniq_terence
D:3:      cheibrodos_helix_gallery, nicolae_overflow_hidden_temple,
          cheibrodos_sewer_entry_sluice, nicolae_qazlal_eye_of_the_storm

Table legend:
 A = Turns spent in this place as a percentage of turns spent in the entire game.
 B = Non-inter-level travel turns spent in this place as a percentage of non-inter-level travel turns spent in the entire game.
 C = Inter-level travel turns spent in this place as a percentage of turns spent in this place.
 D = Turns resting spent in this place as a percentage of non-inter-level travel turns spent in this place.
 E = Turns spent auto-exploring this place as a percentage of non-inter-level travel turns spent in this place.
 F = Non-inter-level travel turns spent in this place divided by the number of levels of this place that you've seen.
                   A       B       C       D       E      F
               +-------+-------+-------+-------+-------+----------------------
         Total | 100.0 | 100.0 |   2.1 |  19.2 |  56.5 | 685.7
       Dungeon | 100.0 | 100.0 |   2.1 |  19.2 |  56.5 | 685.7
               +-------+-------+-------+-------+-------+----------------------

Table legend:
 A = Kills in this place as a percentage of kills in entire the game.
 B = Kills by you in this place as a percentage of kills by you in the entire game.
 C = Kills by friends in this place as a percentage of kills by friends in the entire game.
 D = Other kills in this place as a percentage of other kills in the entire game.
 E = Experience gained in this place as a percentage of experience gained in the entire game.
 F = Experience gained in this place divided by the number of levels of this place that you have seen.
                   A       B       C       D       E      F
               +-------+-------+-------+-------+-------+----------------------
         Total | 100.0 | 100.0 |   N/A |   N/A | 100.0 |  65.0
       Dungeon | 100.0 | 100.0 |   N/A |   N/A | 100.0 |  65.0
               +-------+-------+-------+-------+-------+----------------------
